 Dungeon Crawl Stone Soup version 0.14-a0-1361-g0512ea0 (webtiles) character file.

210 Jenx the Cudgeler (level 4, 0/34 HPs)
             Began as a Djinni Fighter on Dec 8, 2013.
             Slain by an orc priest (4 damage)
             ... on Level 3 of the Dungeon.
             The game lasted 00:06:01 (1774 turns).

Jenx the Cudgeler (Djinni Fighter)                  Turns: 1774, Time: 00:06:01

HP   0/34        AC  9     Str 17      XL: 4   Next: 75%
MP   0/0         EV  6     Int  9      God:
Gold 90          SH 18     Dex 12      Spells:  0 memorised,  3 levels left

rFire  + + +     SeeInvis .     a - +0 mace
rCold  x . .     Clarity  .     b - +0 scale mail
rNeg   + + +     Conserve .     c - +0 shield
rPois  .         rCorr    .     f - +1 helmet
rElec  .         rRot     .     (no cloak)
SustAb . .       Spirit   .     (no gloves)
rMut   .         Warding  .     (boots unavailable)
Saprov . . .     Stasis   .     (no amulet)
                                (no ring)
                                (no ring)

@: flying, slightly resistant to hostile enchantments, extremely unstealthy
A: fire immunity, cold vulnerability, life protection 3
a: no special abilities


You were on level 3 of the Dungeon.
You were not hungry.

You visited 1 branch of the dungeon, and saw 3 of its levels.

You collected 90 gold pieces.

Inventory:

Hand weapons
 a - a +0,+0 mace (weapon)
 w - a +2,+2 halberd of flaming
Missiles
 g - 50 darts (quivered)
Armour
 b - a +0 scale mail (worn)
 c - a +0 shield (worn)
 f - a +1 helmet (worn)
 o - a +0 ring mail of cold resistance
Scrolls
 i - a scroll of fear {unknown}
 j - 2 scrolls of noise {unknown}
 k - a scroll of curse jewellery {unknown}
 l - a scroll of identify
 n - a scroll of teleportation {unknown}
 r - 2 scrolls of magic mapping {unknown}
 t - a scroll of remove curse {unknown}
 u - a scroll of curse weapon {unknown}
 v - a scroll of fog {unknown}
 x - a scroll of curse armour {unknown}
Jewellery
 s - an uncursed ring of wizardry
Potions
 d - a potion of flight {unknown}
 e - a potion of magic {unknown}
 h - 2 potions of heal wounds {unknown}
 m - a potion of confusion {unknown}
 p - a potion of agility {unknown}
 q - a potion of poison {unknown}
 z - a potion of curing {unknown}


   Skills:
 - Level 2.6 Fighting
 * Level 5.0 Maces & Flails
 - Level 3.2 Armour
 - Level 3.0 Shields


You had 3 spell levels left.
You didn't know any spells.

Dungeon Overview and Level Annotations

Branches:
Dungeon (3/16)

Altars:
Ashenzari


Innate Abilities, Weirdness & Mutations

You are immune to all types of fire, even holy and hellish.
You are vulnerable to cold.
You need no food.
You have no legs.
You are immune to negative energy.


Message History

You hit the orc priest.
The orc priest is lightly wounded.
The orc priest invokes the aid of Beogh against you.
Something smites you!
The orc priest hits you but does no damage.
You hit the orc priest but do no damage.
The orc priest is lightly wounded.
The orc priest hits you.
Your shield and scale mail prevent you from hitting the orc priest.
The orc priest is lightly wounded.
The orc priest invokes the aid of Beogh against you.
Something smites you!
* * * LOW HITPOINT WARNING * * *
You hit the orc priest.
The orc priest is heavily wounded.
The orc priest hits you but does no damage.
You barely miss the orc priest.
The orc priest is heavily wounded.
The orc priest hits you.
You die...

.
....K############
....gogo@.o....>#
o.....######.###.#
.....o...........#
####.####.######.#
#(# #.# #.#
#.####### #.#
#.......# #.#
#.#####.# #.# #.#


You could see an orc priest, 2 orcs, a hobgoblin, a goblin and a kobold.

Vanquished Creatures
  4 gnolls (D:3)
  3 adders (D:3)
  An ooze (D:1)
  6 orcs (D:3)
  A giant cockroach (D:1)
  2 goblins (D:1)
  5 hobgoblins
  11 kobolds
  5 bats
  A giant gecko (D:1)
  A giant gecko zombie (D:3)
  5 giant newts
  3 jackals (D:1)
  4 rats
52 creatures vanquished.

Notes
Turn   | Place    | Note
--------------------------------------------------------------
     0 | D:1      | Jenx, the Djinni Fighter, began the quest for the Orb.
     0 | D:1      | Reached XP level 1. HP: 16/16 MP: 0/0
   206 | D:1      | Reached XP level 2. EP: 22/22
   844 | D:2      | Found a shattered altar of Ashenzari.
  1007 | D:2      | Reached XP level 3. EP: 28/28
  1360 | D:3      | Reached skill level 4 in Maces & Flails
  1466 | D:3      | Reached XP level 4. EP: 12/34
  1696 | D:3      | Reached skill level 5 in Maces & Flails
  1774 | D:3      | Slain by an orc priest

Action                   |  1- 3 |  4- 6 || total
-------------------------+-------+-------++-------
Melee: Mace              |   173 |    58 ||   231
Throw: Dart              |     6 |       ||     6
  Use: Scroll            |     1 |     1 ||     2
       Potion            |     1 |       ||     1
